 Dungeon Crawl Stone Soup version 0.23.2-1-ga50397a (webtiles) character file.

Game seed: 1389013208678631640

31773 funkygono the Thaumaturge (level 13, -16/93 HPs)
             Began as a Purple Draconian Conjurer on May 24, 2019.
             Was a High Priest of Qazlal.
             Hit by a large rock thrown by a cyclops (34 damage)
             ... on level 11 of the Dungeon on May 25, 2019.
             The game lasted 01:30:58 (20926 turns).

funkygono the Thaumaturge (DrCj)                   Turns: 20926, Time: 01:30:59

Health: -16/93     AC: 16    Str: 11    XL:     13   Next: 27%
Magic:  19/39      EV: 13    Int: 20    God:    Qazlal [*****.]
Gold:   979        SH: 19    Dex: 12    Spells: 22/39 levels left

rFire    . . .     SeeInvis +   y - +6 dagger of the Lettuce {pierce, Fragile rElec rC+ SInv}
rCold    + . .     Gourm    .   E - +2 shield {AC+3}
rNeg     . . .     Faith    .   (armour unavailable)
rPois    .         Spirit   .   (helmet restricted)
rElec    +         Reflect  .   (no cloak)
rCorr    .         Harm     +   I - +1 pair of gloves
MR       +....                  (no boots)
Stlth    +.........             f - amulet of harm
HPRegen  0.25/turn              A - ring of magical power
MPRegen  0.26/turn              D - ring of flight

@: protected from physical damage, repel missiles
A: breathe power, unfitting armour, cold-blooded, AC +8
a: Breathe Dispelling Energy, Upheaval, Elemental Force, Disaster Area, Renounce
Religion, Evoke Flight


You were on level 11 of the Dungeon.
You worshipped Qazlal.
Qazlal was extremely pleased with you.
You were not hungry.

You visited 2 branches of the dungeon, and saw 14 of its levels.

You collected 1011 gold pieces.
You spent 32 gold pieces at shops.

Inventory:

Hand Weapons
 m - a +0 dagger of draining
 y - the +6 dagger of the Lettuce (weapon) {pierce, Fragile rElec rC+ SInv}
   (You found it on level 4 of the Dungeon)

   It inflicts extra damage upon your enemies.
   It protects you from cold.
   It insulates you from electricity.
   It lets you see invisible.
   It will be destroyed if unequipped.
Missiles
 a - 485 stones (quivered)
Armour
 E - a +2 shield of protection (worn)
 I - a +1 pair of gloves (worn)
Magical Staves
 n - an uncursed staff of fire
Jewellery
 f - an amulet of harm (around neck)
 w - an uncursed ring of fire
 z - the ring of the Scarab {*Drain +Inv rN++ Int+3}
   (You found it on level 4 of the Dungeon)

   [ring of intelligence]

   It affects your intelligence (+3).
   It greatly protects you from negative energy.
   It lets you turn invisible.
   It causes draining when unequipped.
 A - a ring of magical power (left hand)
 D - a ring of flight (right hand)
 F - a +4 ring of protection
 M - an uncursed ring of stealth
Wands
 J - a wand of iceblast (13)
 K - a wand of flame (8)
 L - a wand of paralysis (9)
 P - a wand of acid (6)
Scrolls
 g - a scroll of identify
 i - 9 scrolls of remove curse
 t - 2 scrolls of fear
 u - a scroll of magic mapping
 B - 2 scrolls of teleportation
 C - a scroll of amnesia
 O - a scroll of fog
Potions
 c - a potion of mutation
 e - 2 potions of ambrosia
 h - 2 potions of magic
 j - 2 potions of resistance
 k - 5 potions of curing
 l - 2 potions of lignification
 o - 2 potions of cancellation
 s - a potion of might
 x - 2 potions of haste
 G - 2 potions of agility
 H - a potion of brilliance
 N - a potion of heal wounds
 Q - 2 potions of berserk rage
Comestibles
 b - 18 rations
 d - 12 chunks of flesh


   Skills:
 + Level 2.5 Fighting
 + Level 2.1 Short Blades
   Level 0.7 Maces & Flails
 + Level 5.2 Dodging
 + Level 4.1 Stealth
 + Level 8.4 Shields
 + Level 13.8 Spellcasting
 + Level 11.5 Conjurations
 + Level 9.8 Hexes
 * Level 3.2 Charms
 * Level 2.3 Ice Magic
 + Level 3.8 Earth Magic
 + Level 0.7 Invocations


You had 22 spell levels left.
You knew the following spells:

 Your Spells              Type           Power        Failure   Level  Hunger
a - Magic Dart            Conj           ####         1%          1    None
b - Searing Ray           Conj           ######       1%          2    None
c - Dazzling Spray        Conj/Hex       ######       1%          3    None
d - Stone Arrow           Conj/Erth      #####.       1%          3    None
e - Confuse               Hex            ######..     1%          3    None
f - Ozocubu's Armour      Chrm/Ice       ####....     11%         3    None
g - Throw Frost           Conj/Ice       #####.       1%          2    None

Your spell library contained the following spells:

 Spells                   Type           Power        Failure   Level  Hunger
 Confusing Touch          Hex            ######       1%          1    None
 Shock                    Conj/Air       ####         1%          1    None
 Fulminant Prism          Conj/Hex       ######....   1%          4    None
 Iskenderun's Mystic Bla  Conj           ######..     1%          4    None
 Sandblast                Erth           ####..       2%          1    None
 Static Discharge         Conj/Air       #####...     3%          3    None
 Freeze                   Ice            ###.         4%          1    None
 Throw Icicle             Conj/Ice       #####...     6%          4    None
 Passwall                 Tmut/Erth      ###.....     8%          2    None
 Swiftness                Chrm/Air       ###.....     9%          2    None
 Force Lance              Conj/Tloc      #####...     10%         4    None
 Metabolic Englaciation   Hex/Ice        #####.....   26%         5    ####...
 Lightning Bolt           Conj/Air       #####.....   28%         5    ####...
 Gell's Gravitas          Tloc           ##........   32%         3    None
 Yara's Violent Unravell  Hex/Tmut       ####......   38%         5    ####...
 Petrify                  Tmut/Erth      ###.....     45%         4    None
 Lee's Rapid Deconstruct  Erth           ####......   54%         5    ####...
 Summon Ice Beast         Ice/Summ       ###.....     56%         4    None
 Airstrike                Air            ##........   73%         4    None


Dungeon Overview and Level Annotations

Branches:
Dungeon (13/15)            Temple (1/1) D:6            Lair (0/6) D:11
    Orc (0/2) D:12
 Vaults: D:13-14

Altars:
Ashenzari
Cheibriados
Dithmenos
Elyvilon
Fedhas
Gozag
Hepliaklqana
Kikubaaqudgha
Makhleb
Nemelex Xobeh
Okawaru
Qazlal
Ru
Sif Muna
Trog
Uskayaw
Vehumet
Wu Jian
Xom
Yredelemnul
Zin
The Shining One

Shops:
D:4 ?(}*   D:6 (   D:11 *

Annotations:
D:4 2 transporters, Masnef's ghost, novice GnSk
D:10 3 runed translucent doors, kaladindcss's ghost, journeyman MiFi


Innate Abilities, Weirdness & Mutations

You can breathe bolts of dispelling energy.
Your rich purple scales are hard. (AC +8)
You cannot fit into any form of body armour.
You are cold-blooded and may be slowed by cold attacks.


Message History

The fire giant is moderately wounded. (Press . to maintain the ray.)
You block the fire giant's attack.
The searing ray hits the fire giant.
The fire giant is moderately wounded.
The searing ray hits the fire giant!
The fire giant is moderately wounded.
The fire giant hits you with a +0 great sword of flaming!
* * * LOW HITPOINT WARNING * * *
You feel protected from physical attacks.
The fire giant burns you.
* * * LOW HITPOINT WARNING * * *
The searing ray hits the fire giant!
The fire giant is heavily wounded.
The searing ray hits the cyclops!
The cyclops is almost dead.
You finish channeling your searing ray.
You see here a large rock.
The cyclops throws a large rock.
The large rock hits you!!
You die...

#....#.##≈≈≈≈........
#....#.#.≈≈≈≈........
#....#.##≈≈§.........
##'###.##§§..........
#...##.##≈≈..........
#...##.###.§.........
#.☼.##.# #...........
#☼..##.# #...........
#.○.@..# #...........
#...#### #.........##
#.C.# ##........#
#.(.# #........#
##C## #........# #(#
##...P...# #.#
#.......# #(#
###.##....# ...
#.####....#


You could see a fire giant (confused) and a cyclops.

Vanquished Creatures
  Snorg (D:13)
  An ettin (D:11)
  A hydra (D:11)
  2 two-headed ogres
  2 centaur warriors (D:13)
  3 unseen horrors
  A deep elf mage (D:13)
  An ugly thing (D:12)
  2 manticores (D:11)
  15 cyclopes
  A komodo dragon (D:10)
  3 trolls
  A hornet (D:12)
  6 hippogriffs
  A meliai zombie (D:13)
  A wraith (D:10)
  2 wyverns
  A shadow (D:13)
  28 yaks
  A steam dragon (D:12)
  2 hungry ghosts
  Grum (D:6)
  3 wargs (D:11)
  An acid dragon (D:13)
  A harpy simulacrum (D:12)
  A porcupine (D:11)
  4 sky beasts
  4 ice beasts
  A phantom (D:13)
  2 black bears
  An eye of draining (D:13)
  A necrophage (D:10)
  4 orc warriors
  5 ogres
  3 wolves (D:11)
  12 centaurs
  11 bullfrogs
  A wyvern zombie (D:11)
  4 gnoll sergeants
  A wyvern skeleton (D:11)
  4 scorpions
  A water moccasin skeleton (D:8)
  24 killer bees
  7 wights
  4 howler monkeys (D:13)
  3 electric eels
  5 crimson imps
  3 bullfrog zombies
  3 centaur zombies
  13 hounds
  A quasit (D:8)
  8 orc priests
  2 gnoll shamans (D:6)
  5 jellies
  11 orc wizards
  A bullfrog skeleton (D:8)
  6 centaur skeletons
  4 iguanas
  7 worker ants
  4 hound zombies
  A worker ant zombie (D:5)
  37 gnolls
  A howler monkey skeleton (D:8)
  11 adders
  A shadow imp (D:12)
  An ooze (D:1)
  2 adder skeletons
  3 worms
  3 dart slugs
  8 leopard geckos
  34 orcs
  4 giant cockroaches
  5 goblins
  9 hobgoblins
  16 jackals
  5 kobolds
  7 quokkas
  5 ball pythons
  3 bats
  2 frilled lizards
  A leopard gecko skeleton (D:8)
  3 rats
415 creatures vanquished.

Vanquished Creatures (others)
  A two-headed ogre (D:9)
  A troll (D:9)
  A yak (D:12)
  A sky beast (D:12)
  An electric eel (D:12)
  A worker ant (D:9)
  An orc (D:10)
  A jackal (D:9)
  A quokka (D:9)
  2 fungi (D:11)
  3 plants (D:11)
14 creatures vanquished.

Grand Total: 429 creatures vanquished

Notes
Turn   | Place    | Note
-------+----------+-------------------------------------------
     0 | D:1      | funkygono the Draconian Conjurer began the quest for the
                  | Orb.
     0 | D:1      | Reached XP level 1. HP: 14/14 MP: 3/3
   459 | D:1      | Reached XP level 2. HP: 20/20 MP: 1/5
   464 | D:1      | Learned a level 2 spell: Searing Ray
   846 | D:1      | Reached XP level 3. HP: 26/26 MP: 2/6
  1075 | D:1      | Reached skill level 5 in Conjurations
  1196 | D:1      | Learned a level 3 spell: Dazzling Spray
  1447 | D:2      | Found an opulent altar of Gozag.
  1653 | D:2      | Found a snail-covered altar of Cheibriados.
  2616 | D:3      | Reached XP level 4. HP: 33/33 MP: 5/7
  2964 | D:4      | Found Beovaas's Weapon Shop.
  2981 | D:4      | Reached XP level 5. HP: 36/38 MP: 0/9
  3172 | D:4      | Found Muceer's Gadget Boutique.
  3210 | D:4      | Reached skill level 3 in Spellcasting
  3272 | D:4      | Found Itaguiph's Assorted Antiques.
  3282 | D:4      | Got a faintly glowing dagger
  3283 | D:4      | Identified the +6 dagger of the Lettuce {pierce, Fragile
                  | rElec rC+ SInv} (You found it on level 4 of the Dungeon)
  3329 | D:4      | Noticed a phantom
  3343 | D:4      | Found a transporter.
  3345 | D:4      | Found a transporter.
  3346 | D:4      | Noticed Masnef's ghost (novice GnSk)
  3356 | D:4      | Found Canorax's Magic Scroll Shop.
  3363 | D:4      | Got a steaming bone ring
  3364 | D:4      | Identified the ring of the Scarab {*Drain +Inv rN++ Int+3}
                  | (You found it on level 4 of the Dungeon)
  3907 | D:4      | Reached skill level 1 in Hexes
  4009 | D:4      | Found a deep blue altar of Sif Muna.
  4031 | D:4      | Noticed an ogre
  4036 | D:4      | Killed an ogre
  4036 | D:4      | Reached XP level 6. HP: 11/45 MP: 6/11
  4332 | D:4      | Reached skill level 4 in Spellcasting
  4370 | D:3      | HP: 1/46 [ogre/+0 giant spiked club (21)]
  4837 | D:3      | Your scales start taking on a rich purple colour.
  4837 | D:3      | Reached skill level 5 in Spellcasting
  4837 | D:3      | Reached XP level 7. HP: 51/51 MP: 9/14
  5108 | D:5      | Entered Level 5 of the Dungeon
  5820 | D:6      | Reached skill level 6 in Spellcasting
  6061 | D:6      | Reached XP level 8. HP: 58/58 MP: 0/17
  6230 | D:6      | Reached skill level 7 in Spellcasting
  6775 | D:6      | Found a staircase to the Ecumenical Temple.
  6805 | D:6      | Learned a level 3 spell: Stone Arrow
  6809 | D:6      | Learned a level 3 spell: Confuse
  6812 | Temple   | Entered the Ecumenical Temple
  6940 | Temple   | Became a worshipper of Qazlal Stormbringer
  7031 | D:6      | Found a hide-covered altar of Uskayaw.
  7858 | D:6      | Found a basalt altar of Yredelemnul.
  7910 | D:6      | Reached * piety under Qazlal
  7973 | D:6      | Reached skill level 1 in Shields
  8067 | D:6      | Found Leceg's Weapon Shop.
  8094 | D:6      | Noticed Grum
  8117 | D:6      | Killed Grum
  8117 | D:6      | Reached skill level 8 in Spellcasting
  8230 | D:6      | Reached XP level 9. HP: 63/63 MP: 18/21
  8669 | D:7      | Reached skill level 1 in Fighting
  9320 | D:7      | Reached skill level 1 in Earth Magic
  9643 | D:8      | Reached skill level 9 in Spellcasting
  9989 | D:8      | Noticed a two-headed ogre
 10000 | D:8      | Killed a two-headed ogre
 10000 | D:8      | Reached skill level 10 in Spellcasting
 10267 | D:8      | Reached XP level 10. HP: 47/71 MP: 1/24
 10415 | D:8      | Reached ** piety under Qazlal
 10415 | D:8      | Reached skill level 1 in Short Blades
 10981 | D:9      | Reached skill level 5 in Hexes
 12206 | D:9      | Found a shimmering altar of Xom.
 12396 | D:9      | Found a white marble altar of Elyvilon.
 12414 | D:9      | Killed a two-headed ogre
 12520 | D:9      | Found a hazy altar of Hepliaklqana.
 12520 | D:9      | Found an iron altar of Okawaru.
 12630 | D:9      | Reached skill level 5 in Shields
 12706 | D:10     | Entered Level 10 of the Dungeon
 12738 | D:10     | Reached skill level 11 in Spellcasting
 13392 | D:10     | Reached XP level 11. HP: 73/77 MP: 26/26
 13758 | D:10     | You fall through a shaft for 3 floors!
 13812 | D:13     | Noticed a centaur warrior
 13829 | D:13     | Noticed an unseen horror
 13834 | D:13     | Noticed a deep elf mage
 13854 | D:13     | Noticed Snorg
 14144 | D:13     | Killed an unseen horror
 14153 | D:13     | Killed a centaur warrior
 14420 | D:13     | Noticed a centaur warrior
 14446 | D:13     | Killed a centaur warrior
 14577 | D:13     | Reached *** piety under Qazlal
 14624 | D:13     | Reached skill level 12 in Spellcasting
 14812 | D:13     | Killed Snorg
 15286 | D:13     | Noticed an unseen horror
 15292 | D:13     | Killed an unseen horror
 15369 | D:13     | Killed a deep elf mage
 15369 | D:13     | Reached skill level 10 in Conjurations
 15758 | D:13     | Reached XP level 12. HP: 88/88 MP: 16/28
 16665 | D:12     | Reached **** piety under Qazlal
 17151 | D:12     | Reached skill level 5 in Dodging
 17479 | D:12     | Reached skill level 13 in Spellcasting
 17939 | D:12     | Found a staircase to the Orcish Mines.
 18215 | D:11     | Noticed a two-headed ogre
 18244 | D:11     | Noticed an eight-headed hydra
 18400 | D:10     | Found a runed translucent gate.
 18401 | D:10     | Found a runed translucent gate.
 18401 | D:10     | Found a runed translucent gate.
 18401 | D:10     | Noticed kaladindcss's ghost (journeyman MiFi)
 18579 | D:10     | Learned a level 3 spell: Ozocubu's Armour
 18582 | D:10     | Learned a level 2 spell: Throw Frost
 18704 | D:11     | Got a pitted bronze amulet
 18951 | D:11     | Killed a two-headed ogre
 18951 | D:11     | Reached ***** piety under Qazlal
 19155 | D:11     | Found Naka Fosm's General Store.
 19163 | D:11     | Bought a scroll of identify for 32 gold pieces
 19163 | D:11     | Identified the amulet of Gire {+Rage rC+} (You found it on
                  | level 11 of the Dungeon)
 19407 | D:11     | Found a staircase to the Lair.
 19544 | D:11     | Killed an eight-headed hydra
 19544 | D:11     | Reached skill level 1 in Charms
 19724 | D:11     | Reached skill level 1 in Ice Magic
 19987 | D:11     | Noticed an ettin
 20017 | D:11     | Reached XP level 13. HP: 93/93 MP: 4/30
 20527 | D:11     | Killed an ettin
 20910 | D:11     | Noticed a fire giant
 20926 | D:11     | Hit by a large rock thrown by a cyclops

Skill      XL: |  1  2  3  4  5  6  7  8  9 10 11 12 13 |
---------------+----------------------------------------+-----
Conjurations   | 5 6 7 8 9 10 11 | 11.5
Dodging        | 2 3 4 5 |  5.2
Spellcasting   | 3 5 6 8 10 11 12 13 | 13.8
Hexes          | 1 2 3 4 6 7 9 |  9.8
Stealth        | 2 3 4 |  4.1
Shields        | 1 3 5 7 8 |  8.4
Fighting       | 1 2 |  2.5
Earth Magic    | 2 3 |  3.8
Short Blades   | 2 |  2.1
Charms         | 1 3 |  3.2
Ice Magic      | 1 2 |  2.3
Maces & Flails | |  0.7
Invocations    | |  0.7

Action                   |  1- 3 |  4- 6 |  7- 9 | 10-12 | 13-15 || total
-------------------------+-------+-------+-------+-------+-------++-------
Melee: Unarmed           |    12 |       |       |       |       ||    12
       Tailslap          |     1 |       |     8 |    11 |       ||    20
       Club              |     1 |       |       |       |       ||     1
       Whip              |     3 |    11 |       |       |       ||    14
       Dagger            |       |     6 |    46 |    79 |     1 ||   132
 Cast: Magic Dart        |    81 |    69 |   193 |   328 |    20 ||   691
       Searing Ray       |     3 |     6 |    24 |    40 |     2 ||    75
       Dazzling Spray    |       |     4 |    33 |   149 |    40 ||   226
       Stone Arrow       |       |       |    13 |   101 |     8 ||   122
       Confuse           |       |       |    15 |    65 |     1 ||    81
       Ozocubu's Armour  |       |       |       |     4 |     2 ||     6
Invok: Upheaval          |       |       |       |     2 |       ||     2
 Abil: Breathe Dispellin |       |       |       |     2 |       ||     2
       Evoke Flight      |       |       |       |       |     1 ||     1
  Use: Scroll            |    16 |     1 |     9 |     6 |     1 ||    33
       Potion            |       |       |       |     3 |       ||     3
 Stab: Confused          |       |       |       |     3 |       ||     3
       Invisible         |       |       |       |     1 |       ||     1
  Eat: Chunk             |     7 |     6 |     8 |    20 |       ||    41
       Ration            |       |       |     3 |     3 |     1 ||     7
Armor: Skin              |    15 |    11 |    38 |   118 |       ||   182
Dodge: Dodged            |    26 |    28 |    75 |   172 |     6 ||   307
       Deflected         |       |       |       |     7 |    11 ||    18
Block: Shield            |       |       |    42 |   378 |    18 ||   438
